 Dungeon Crawl Stone Soup version 0.29.1-12-g30fa7ad0bf (webtiles) character file.

Game seed: 11592476973569223869

492 hawla the Slasher (level 7, -5/64 HPs)
             Began as a Meteoran Ice Elementalist on Jan 14, 2023.
             Slain by an iguana (13 damage)
             ... on level 4 of the Dungeon.
             The game lasted 00:09:23 (986 turns).

hawla the Slasher (Meteoran Ice Elementalist)        Turns: 986, Time: 00:09:24

Health: -5/64      AC:  3    Str: 10    XL:     7   Next: 65%
Magic:  12/17      EV: 14    Int: 19    God:
Gold:   123        SH:  0    Dex: 14    Spells: 10/18 levels left

rFire   . . .      SeeInvis .   h - +0 falchion
rCold   . . .      Faith    .   (no shield)
rNeg    . . .      Spirit   .   a - +1 robe
rPois   .          Reflect  .   (no helmet)
rElec   .          Harm     .   (no cloak)
rCorr   .          Rampage  .   (no gloves)
Will    .....                   (no boots)
Stlth   +.........              (no amulet)
HPRegen 0.20/turn               (no ring)
MPRegen 0.15/turn               (no ring)

@: freezing walls, glowing
A: sense surroundings 1, otherworldly, glowing, explore regen
a: no special abilities


You were on level 4 of the Dungeon.
You visited 1 branch of the dungeon, and saw 4 of its levels.

You collected 123 gold pieces.

Inventory:

Hand Weapons
 b - a +2 short sword of distortion
 h - a +0 falchion (weapon)
Armour
 a - a +1 robe (worn)
Scrolls
 j - 2 scrolls of teleportation
Potions
 e - a potion of mutation


   Skills:
 - Level 6.4 Fighting
 - Level 7.1 Long Blades
 - Level 5.5 Dodging
 - Level 1.4 Stealth
 - Level 1.2 Unarmed Combat
 - Level 6.0 Spellcasting
 + Level 5.0 Conjurations
 - Level 5.2 Ice Magic


You had 10 spell levels left.
You knew the following spells:

 Your Spells              Type           Power      Damage    Failure   Level
a - Freeze                Ice            100%       1d11      1%          1
b - Frozen Ramparts       Ice            50%        1d8       4%          3
c - Hailstorm             Conj/Ice       25%        3d7       14%         4

Your spell library contained the following spells:

 Spells                   Type           Power      Damage    Failure   Level
 Ozocubu's Armour         Ice            25%        N/A       4%          3
 Ozocubu's Refrigeration  Ice            12%        4d10      100%        7


Dungeon Overview and Level Annotations

Branches:
Dungeon (4/15) Zot: 1416
 Temple: D:4-7

Altars:


Innate Abilities, Weirdness & Mutations

You passively map a small area around you.
You are easily found by Zot.
You glow in the dark.
You regain HP and MP as you explore.


Message History

The iguana is almost dead.
The wall freezes the iguana but does no damage.
The iguana bites you!
* * * LOW HITPOINT WARNING * * *
The adder zombie completely resists.
The wall freezes the adder zombie but does no damage.
The wall freezes the iguana but does no damage.
The iguana barely misses you.
Okay, then.
Casting: Freeze (safe; 1% risk of failure)
Confirm with . or Enter, or press ? or * to list all spells.
Aiming: Freeze (safe; 1% risk of failure)
Press: ? - help, Shift-Dir - straight line, f/p - iguana
Aim: an iguana (almost dead)
You freeze the iguana.
You kill the iguana!
The adder zombie resists.
The wall freezes the adder zombie.
Your Conjurations skill increases to level 5!
You hit the adder zombie.
The adder zombie is moderately damaged.
The adder zombie completely resists.
The wall freezes the adder zombie but does no damage.
The adder zombie bites you.
* * * LOW HITPOINT WARNING * * *
The wall freezes the iguana but does no damage.
The iguana barely misses you.
You barely miss the adder zombie.
The adder zombie is moderately damaged.
The adder zombie completely resists.
The wall freezes the adder zombie but does no damage.
The adder zombie completely misses you.
Unknown command.
You barely miss the adder zombie.
The adder zombie is moderately damaged.
The adder zombie completely resists.
The wall freezes the adder zombie but does no damage.
The adder zombie bites you but does no damage.
The wall freezes the iguana but does no damage.
The iguana bites you!
You die...

...................##...##.....
,
.........#########.##...#......
........###...)))..............
........##..#..)#).............
......#.#.......[....P.........
........#⌠.....................,
........#.............P........
........##..#...#l.............
........###.....@Z.............
......#..#########........?....
....####.. .............#......
.....# .#######....##.....#
...... , #....# ...### ...... ,
#...## .## , , ,, ....# ## , , ,
......, ####....


You could see an iguana (slow) and an adder zombie.

Vanquished Creatures
  An ogre (D:4)
  A phantom (D:4)
  A water moccasin zombie (D:4)
  2 orc priests (D:4)
  An iguana (D:4)
  2 scorpion zombies (D:4)
  A hound zombie (D:4)
  A hound skeleton (D:4)
  4 adders
  A dart slug (D:4)
  5 orcs (D:4)
  3 bats
  3 endoplasms
  A giant cockroach (D:1)
  A goblin (D:2)
  A hobgoblin (D:4)
  2 kobolds
  A quokka (D:4)
  2 ball pythons (D:2)
  4 frilled lizards
  6 rats
44 creatures vanquished.

Notes
Turn   | Place    | Note
-------+----------+-------------------------------------------
     0 | D:1      | hawla the Meteoran Ice Elementalist began the quest for the
                  | Orb.
     0 | D:1      | Reached XP level 1. HP: 14/14 MP: 5/5
     3 | D:1      | Noticed an electric eel
     4 | D:1      | Noticed an electric eel
   108 | D:1      | Reached XP level 2. HP: 11/20 MP: 4/6
   318 | D:2      | Reached XP level 3. HP: 22/26 MP: 5/8
   322 | D:2      | Learned a level 3 spell: Frozen Ramparts
   330 | D:2      | Reached skill level 5 in Ice Magic
   598 | D:2      | Reached skill level 1 in Unarmed Combat
   758 | D:4      | Reached skill level 7 in Long Blades
   758 | D:4      | Reached skill level 5 in Dodging
   758 | D:4      | Reached XP level 4. HP: 25/45 MP: 8/13
   764 | D:4      | Learned a level 4 spell: Hailstorm
   779 | D:4      | Reached XP level 5. HP: 38/51 MP: 10/14
   780 | D:4      | Noticed an ogre
   791 | D:4      | Killed an ogre
   792 | D:4      | Reached XP level 6. HP: 40/58 MP: 5/16
   898 | D:4      | Reached XP level 7. HP: 32/64 MP: 17/17
   984 | D:4      | Reached skill level 5 in Conjurations
   986 | D:4      | Slain by an iguana

Illustrated notes

Levels and vault maps discovered:
D:1:      arrival_aquarium_b, layout_loops_corners,
          dreamdust_ecumenical_altar_hidden_monk_grotto
D:2:      layout_basic
D:3:      layout_rooms, hangedman_decor_diamond_cutter, uniq_natasha
D:4:      cheibrodos_pilgrimage, layout_layer_cave, serial_undead,
          serial_undead_b, serial_undead_a, serial_undead_f, serial_undead_d,
          serial_undead_c, serial_undead_d, amcnicky_mini_corridor_feature,
          minmay_crossroads

Skill      XL: |  1  2  3  4  5  6  7 |
---------------+----------------------+-----
Ice Magic      | 5 |  5.2
Spellcasting   | 6 |  6.0
Unarmed Combat | 1 |  1.2
Fighting       | 6 |  6.4
Long Blades    | 7 |  7.1
Dodging        | 5 |  5.5
Conjurations   | 2 4 5 |  5.0
Stealth        | |  1.4

Action                   |  1- 3 |  4- 6 |  7- 9 || total
-------------------------+-------+-------+-------++-------
Melee: Unarmed           |     3 |       |       ||     3
       Falchion          |       |    24 |    17 ||    41
 Cast: Freeze            |    27 |     7 |     3 ||    37
       Frozen Ramparts   |     5 |     3 |     3 ||    11
       Hailstorm         |       |     2 |     3 ||     5
  Use: Scroll            |     8 |       |       ||     8
       Potion            |     2 |     3 |       ||     5
Armor: Robe              |     5 |    15 |     5 ||    25
Dodge: Dodged            |    13 |    34 |     9 ||    56
